 Dungeon Crawl Stone Soup version 0.22-a0-455-ga0624bf62c (webtiles) character file.

1115 Kriby the Spear-Bearer (level 8, -3/50 HPs)
             Began as a Merfolk Skald on June 5, 2018.
             Was a Follower of Hepliaklqana.
             Hit by a poisoned tomahawk thrown by an orc (5 damage)
             ... on level 6 of the Dungeon.
             The game lasted 00:07:23 (7739 turns).

Kriby the Spear-Bearer (Merfolk Skald)              Turns: 7739, Time: 00:07:24

Health: -3/50      AC:  0    Str: 11    XL:     8   Next: 34%
Magic:  3/11       EV: 15    Int: 12    God:    Hepliaklqana [*.....]
Gold:   346        SH:  0    Dex: 14    Spells: 10/11 levels left

rFire    . . .     SeeInvis .   (weapon currently unavailable)
rCold    . . .     Gourm    .   (shield currently unavailable)
rNeg     . . .     Faith    .   (armour currently unavailable)
rPois    .         Spirit   .   (helmet currently unavailable)
rElec    .         Reflect  .   (cloak currently unavailable)
rCorr    .         Harm     .   (gloves currently unavailable)
MR       .....                  (boots currently unavailable)
Stlth    +.........             (no amulet)
HPRegen  0.16/turn              (ring currently unavailable)
MPRegen  0.12/turn              (ring currently unavailable)

@: pig-form, very quick
A: small, (change form in water), (swift swim), (stealthy swim), reduced
essence, screaming 1, weak 1, MP-powered wands
a: Recall Ancestor, Ancestor Identity, Renounce Religion


You were on level 6 of the Dungeon.
You worshipped Hepliaklqana.
Hepliaklqana was aware of your devotion.
You were not hungry.
You were a filthy swine.
You visited 2 branches of the dungeon, and saw 7 of its levels.

You collected 346 gold pieces.

Inventory:

Hand Weapons
 a - a +0 spear
 k - a +1 antimagic spear (melded)
Armour
 b - a +0 leather armour
 f - a +0 large shield
 i - a +0 ring mail (melded)
 l - a +0 pair of boots (melded)
Jewellery
 r - a ring of resist corrosion (melded)
Scrolls
 c - 3 scrolls of enchant weapon {unknown}
 e - 10 scrolls of identify {unknown}
 g - 6 scrolls of remove curse {@r2}
 h - a scroll of immolation {unknown}
 j - 3 scrolls of teleportation {@r3}
 n - a scroll of enchant armour {unknown}
 o - 2 scrolls of amnesia {unknown}
 q - a scroll of fear {unknown}
 t - a scroll of blinking {unknown}
Potions
 m - 2 potions of agility {unknown}
 p - a potion of mutation
 s - a potion of haste {@q3}
Comestibles
 d - 10 rations {@e1}


   Skills:
 - Level 2.1 Fighting
 + Level 13.3 Polearms
 - Level 0.6 Armour
 - Level 2.6 Dodging
 - Level 2.0 Spellcasting
 - Level 3.2 Charms


You had 10 spell levels left.
You knew the following spells:

 Your Spells              Type           Power        Failure   Level  Hunger
a - Infusion              Chrm           #...         7%          1    ##.....

Your spell library contained the following spells:

 Spells                   Type           Power        Failure   Level  Hunger
 Cause Fear               Hex            #.........   95%         4    #####..
 Slow                     Hex            #.......     38%         2    ###....
 Summon Small Mammal      Summ           #...         26%         1    ##.....
 Summon Ice Beast         Ice/Summ       #.......     95%         4    #####..
 Call Imp                 Summ           #.......     38%         2    ###....
 Regeneration             Chrm/Necr      #.........   38%         3    ####...
 Call Canine Familiar     Summ           #.......     63%         3    ####...
 Corona                   Hex            #......      26%         1    ##.....
 Portal Projectile        Hex/Tloc       #.....       63%         3    ####...
 Leda's Liquefaction      Hex/Erth       #.........   95%         4    #####..
 Shroud of Golubria       Chrm/Tloc      #.........   22%         2    ###....
 Inner Flame              Hex/Fire       #.......     63%         3    ####...
 Song of Slaying          Chrm           #.......     11%         2    ###....
 Spectral Weapon          Hex/Chrm       #.......     38%         3    ####...
 Summon Lightning Spire   Summ/Air       #.......     95%         4    #####..
 Summon Guardian Golem    Hex/Summ       #.......     63%         3    ####...


Dungeon Overview and Level Annotations

Branches:
Dungeon (6/15)             Temple (1/1) D:4

Altars:
Ashenzari
Cheibriados
Dithmenos
Elyvilon
Fedhas
Gozag
Hepliaklqana
Kikubaaqudgha
Nemelex Xobeh
Qazlal
Ru
Trog
Uskayaw
Vehumet
Wu Jian
Xom
Yredelemnul
Zin
The Shining One


Innate Abilities, Weirdness & Mutations

((You revert to your normal form in water.))
((You are very nimble and swift while swimming.))
((You are very stealthy in the water. (Stealth+)))
Your life essence is reduced to manifest your ancestor. (-10% HP)
((You are partially covered in thin metallic scales. (AC +2)))
You occasionally shout uncontrollably at your foes.
You are weak. (Str -2)
You expend magic power (3 MP) to strengthen your wands.


Message History

The orc priest is almost dead.
The ice beast hits you. The ice beast freezes you!
The orc hits Demise but does no damage.
Demise barely misses the ice beast.
The ice beast hits Demise.
The ice beast freezes Demise.
Demise resists.
The orc priest mumbles some strange prayers to Beogh against you.
Beogh smites you!
* * * LOW HITPOINT WARNING * * *
Demise hits the ice beast but does no damage.
The orc zaps a wand.
You turn into a filthy swine.
Your +1 antimagic spear melds into your body.
Your +0 pair of boots melds into your body.
Your +0 ring mail melds into your body.
Your ring of resist corrosion melds into your body.
You feel magic returning to you.
The ice beast barely misses Demise.
The iguana bites you.
* * * LOW HITPOINT WARNING * * *
Demise hits the ice beast but does no damage.
The orc throws a poisoned tomahawk.
The poisoned tomahawk hits you.
You die...

#......##
#......##
#....#...##
....#####..##
..... ##..##
..... ##..## ..
##..## ##..##
#.h.# #...##
##.lo.## #..o.R.#
.......oYo.#
.........o.....
.................
....###..........
.### ####$......


You could see the friendly Demise the ancestor, an ice beast, an iguana, 2 orc
priests and 3 orcs.

Vanquished Creatures
  Edmund (D:5)
  An ice beast (D:6)
  A black bear (D:5)
  2 ogres
  An orc priest (D:3)
  Natasha (twice) (D:4)
  An orc wizard (D:2)
  2 worker ants (D:4)
  A hound skeleton (D:5)
  9 adders
  A shadow imp (D:5)
  An adder skeleton (D:4)
  An adder zombie (D:5)
  4 worms
  2 dart slugs
  3 leopard geckos (D:2)
  15 orcs
  5 giant cockroaches
  A gnoll zombie (D:4)
  7 goblins
  2 hobgoblins
  3 jackals (D:4)
  3 quokkas
  6 bats
  4 frilled lizards
  10 kobolds
  A leopard gecko skeleton (D:4)
  A quokka skeleton (D:5)
  6 rats
97 creatures vanquished.

Vanquished Creatures (collateral kills)
  A sky beast (D:5)
  Blork the orc (D:5)
  A bullfrog (D:6)
  A crimson imp (D:5)
  Natasha (D:4)
  An adder (D:4)
  A gnoll zombie (D:4)
7 creatures vanquished.

Vanquished Creatures (others)
  2 ancestors (D:5)
2 creatures vanquished.

Grand Total: 106 creatures vanquished

Notes
Turn   | Place    | Note
-------+----------+-------------------------------------------
     0 | D:1      | Kriby the Merfolk Skald began the quest for the Orb.
     0 | D:1      | Reached XP level 1. HP: 16/16 MP: 3/3
   237 | D:1      | Reached skill level 4 in Polearms
   237 | D:1      | Reached XP level 2. HP: 17/22 MP: 5/5
   854 | D:2      | Reached skill level 5 in Polearms
   854 | D:2      | Reached XP level 3. HP: 27/27 MP: 6/6
   956 | D:2      | Found a shimmering altar of Xom.
  1298 | D:2      | Noticed an ice beast
  1367 | D:2      | Reached skill level 6 in Polearms
  1409 | D:2      | Reached XP level 4. HP: 14/33 MP: 7/7
  2106 | D:2      | Reached skill level 7 in Polearms
  2206 | D:2      | Found an ornate altar of the Wu Jian Council.
  2214 | D:2      | Found a radiant altar of Vehumet.
  2216 | D:2      | Found a hide-covered altar of Uskayaw.
  2611 | D:3      | Reached XP level 5. HP: 31/38 MP: 2/8
  2891 | D:3      | Reached skill level 8 in Polearms
  4535 | D:4      | Reached XP level 6. HP: 38/44 MP: 3/9
  4628 | D:4      | Found a staircase to the Ecumenical Temple.
  4638 | D:4      | Noticed Natasha
  4645 | D:4      | Killed Natasha
  4645 | D:4      | Reached skill level 9 in Polearms
  4835 | Temple   | Entered the Ecumenical Temple
  5068 | Temple   | Became a worshipper of Hepliaklqana the Forgotten
  5358 | D:4      | Found a shadowy altar of Dithmenos.
  5377 | D:4      | Noticed Natasha
  5383 | D:4      | Killed Natasha
  5383 | D:4      | Reached skill level 10 in Polearms
  5423 | D:4      | Noticed Natasha
  5441 | D:4      | Killed Natasha
  5896 | D:4      | Reached XP level 7. HP: 43/45 MP: 3/10
  6229 | D:4      | Found a basalt altar of Yredelemnul.
  6321 | D:5      | Entered Level 5 of the Dungeon
  6391 | D:5      | Noticed Blork the orc
  6408 | D:5      | HP: 1/45 [something (6)]
  6410 | D:5      | Gained mutation: You are weak. (Str -2) [potion of mutation]
  6410 | D:5      | Gained mutation: You occasionally shout uncontrollably at your foes. [potion of mutation]
  6410 | D:5      | Gained mutation: You are partially covered in thin metallic scales. (AC +2) [potion of mutation]
  6410 | D:5      | Gained mutation: You expend magic power (3 MP) to strengthen your wands. [potion of mutation]
  6770 | D:5      | Noticed Edmund
  6803 | D:5      | Killed Edmund
  6803 | D:5      | Reached skill level 11 in Polearms
  6932 | D:5      | Killed Blork the orc
  6932 | D:5      | Reached skill level 12 in Polearms
  7216 | D:5      | Reached XP level 8. HP: 46/50 MP: 3/11
  7416 | D:5      | Reached * piety under Hepliaklqana
  7614 | D:6      | Found a blossoming altar of Fedhas.
  7633 | D:6      | Reached skill level 13 in Polearms
  7690 | D:6      | Found a shimmering altar of Xom.
  7738 | D:6      | HP: 2/50 [iguana (5)]
  7739 | D:6      | Hit by a poisoned tomahawk thrown by an orc

Vault maps used:
D:1:      lightli_arrival_boilingwater
D:2:      xom_teletrap_fun, grunt_temple_overflow_open, first_ration
D:3:      kennysheep_cluttered_room
D:4:      grunt_dithmenos_smoke_and_mirrors, lemuel_zombie_altar_yredelemnul,
          temple_statues, uniq_natasha
D:5:      corexii_hall_statues_i, kennysheep_generic_room_8, uniq_blork_the_orc,
          uniq_edmund
D:6:      cheibrodos_thug_alley, kennysheep_mini_moat, basic_altar,
          grunt_ministairs_1, fedhas_altar_3, uniq_pikel, uniq_grinder,
          uniq_menkaure
Temple:   hc_temple_tempest_star

Skill      XL: |  1  2  3  4  5  6  7  8 |
---------------+-------------------------+-----
Polearms       | 4 5 6 7 8 10 12 13 | 13.3
Fighting       | |  2.1
Armour         | |  0.6
Dodging        | |  2.6
Spellcasting   | |  2.0
Charms         | |  3.2

Action                   |  1- 3 |  4- 6 |  7- 9 || total
-------------------------+-------+-------+-------++-------
Melee: Spear             |   141 |   347 |   166 ||   654
 Cast: Infusion          |       |     1 |       ||     1
Invok: Recall Ancestor   |       |     1 |       ||     1
       Ancestor Identity |       |     1 |       ||     1
  Use: Potion            |     2 |       |     1 ||     3
       Scroll            |       |       |     4 ||     4
 Stab: Sleeping          |     3 |       |       ||     3
  Eat: Chunk             |     1 |    15 |     5 ||    21
Armor: Leather armour    |    11 |       |       ||    11
       Ring mail         |     9 |    61 |    30 ||   100
       Skin              |       |       |     6 ||     6
Dodge: Dodged            |    69 |   114 |    48 ||   231

Table legend:
 A = Spawn XP
 B = Non-spawn XP
 C = Spawn XP percentage of total XP
 D = Spawn monster count
 E = Non-spawn monster count
 F = Spawn count percentage of total count
 G = Total turns spent on level
                    A         B        C        D         E        F      G
               +---------+---------+-------+---------+---------+-------+---------
         Total |       0 |    1593 |   0.0 |       0 |     104 |   0.0 |  7739
               +---------+---------+-------+---------+---------+-------+---------
           D:1 |       0 |      21 |   0.0 |       0 |      13 |   0.0 |   800
           D:2 |       0 |     139 |   0.0 |       0 |      28 |   0.0 |  1766
           D:3 |       0 |     106 |   0.0 |       0 |      21 |   0.0 |  1577
           D:4 |       0 |     386 |   0.0 |       0 |      29 |   0.0 |  1932
           D:5 |       0 |     721 |   0.0 |       0 |      11 |   0.0 |  1270
           D:6 |       0 |     220 |   0.0 |       0 |       2 |   0.0 |   148
               +---------+---------+-------+---------+---------+-------+---------
